AoeStats
← buraktaylaweb

Arabia

510616925Analyzed
3v3 RM · 2d ago on Oct 1, 2026· 49m 29s· 6 players
Game mode
Random Map
Map size
Normal (6 player)
Population
200
Speed
Normal
Resources
Standard
Victory
Conquest
Starting age
Dark Age
Ending age
Imperial Age
RankedLock teamsTeams togetherTeam positionsShared explorationLock speedFull tech treeHidden civsTurbo modeCheats
Victory
Defeat
🇮🇹 Tatars · Italy
819
+11
🇮🇹 Armenians · Italy
800
+12
🇮🇹 Muisca · Italy
778
+15
🇹🇷 Portuguese · Türkiye
746
-14
🇹🇷 Bulgarians · Türkiye
716
-12
🇺🇸 Jurchens · United States
638
-9
SonOfRain
7:18 Loom
9:27 Feudal Age
11:32 Horse Collar
15:47 Double-Bit Axe
20:34 Castle Age
18:38 Gold Mining
19:40 Stone Mining
22:39 Bow Saw
24:38 Stone Shaft Mining
26:52 Heavy Plow
28:34 Pikeman
32:19 Scale Mail Armor
32:30 Forging
35:48 Imperial Age
34:00 Caravan
34:30 Coinage
39:32 Halberdier
40:01 Arson
42:19 Wheelbarrow
41:46 Elite Organ Gun
43:22 Conscription
44:16 Padded Archer Armor
44:07 Fletching
46:04 Leather Archer Armor
45:44 Bodkin Arrow
47:26 Bracer
49:21 Ring Archer Armor
49:27 Ballistics
50:12 Chemistry
49:18 Siege Engineers
buraktaylaweb
10:55 Feudal Age
11:33 Double-Bit Axe
12:26 Wheelbarrow
11:39 Horse Collar
11:53 Gold Mining
13:18 Stone Mining
18:37 Man-at-Arms
22:48 Castle Age
24:08 Hand Cart
24:07 Bow Saw
24:12 Heavy Plow
29:16 Squires
30:19 Gold Shaft Mining
30:24 Stone Shaft Mining
32:13 Elite Skirmisher
32:16 Crossbowman
33:15 Guard Tower
Ultimate
2:17 Loom
11:54 Feudal Age
12:20 Double-Bit Axe
12:16 Horse Collar
13:21 Wheelbarrow
12:41 Town Watch
15:20 Stone Mining
15:20 Gold Mining
18:36 Arson
19:35 Scale Mail Armor
19:45 Forging
29:16 Castle Age
27:24 Scale Barding Armor
27:19 Padded Archer Armor
27:09 Fletching
30:35 Gold Shaft Mining
30:37 Stone Shaft Mining
30:04 Heavy Plow
30:19 Bow Saw
30:11 Caravan
30:11 Gambesons
30:28 Squires
29:52 Pikeman
30:49 Chain Mail Armor
31:10 Iron Casting
31:16 Iron Casting
31:27 Hand Cart
34:03 Coinage
33:45 Town Patrol
kickbear
8:05 Loom
10:26 Feudal Age
12:08 Wheelbarrow
11:57 Double-Bit Axe
11:57 Horse Collar
20:43 Castle Age
21:49 Crossbowman
22:49 Man-at-Arms
23:15 Gambesons
23:31 Gold Mining
23:53 Bow Saw
25:06 Hand Cart
25:31 Gold Shaft Mining
24:48 Stone Mining
26:10 Long Swordsman
27:35 Two-Handed Swordsman
32:32 Champion
37:33 Fletching
38:10 Bodkin Arrow
38:15 Padded Archer Armor
40:07 Arson
40:52 Leather Archer Armor
41:11 Scale Mail Armor
43:16 Ballistics
42:48 Guard Tower
45:40 Imperial Age
44:56 Cilician Fleet
47:08 Ring Archer Armor
46:38 Bracer
46:54 Chain Mail Armor
46:50 Forging
47:47 Chemistry
46:54 Siphons
46:37 Town Watch
48:27 Arbalester
48:30 Elite Skirmisher
48:32 Pikeman
49:13 Squires
49:23 Scale Barding Armor
49:42 Heavy Plow
Lain
7:10 Loom
9:34 Feudal Age
10:33 Double-Bit Axe
10:44 Horse Collar
15:49 Wheelbarrow
19:42 Castle Age
17:57 Forging
17:54 Scale Barding Armor
18:41 Stone Mining
19:33 Gold Mining
21:58 Hand Cart
22:46 Bow Saw
22:46 Husbandry
22:51 Heavy Plow
28:57 Gold Shaft Mining
33:55 Imperial Age
32:26 Hand Cart
32:51 Silk Armor
33:35 Iron Casting
34:23 Bloodlines
33:34 Light Cavalry
34:43 Elite Keshik
36:25 Blast Furnace
35:56 Timurid Siegecraft
38:03 Fletching
38:34 Chain Barding Armor
38:48 Heavy Cavalry Archer
39:27 Bodkin Arrow
40:10 Crop Rotation
41:46 Hussar
43:36 Chemistry
42:57 Ballistics
42:46 Siege Engineers
46:12 Capped Ram
47:13 Town Watch
49:07 Siege Ram
Viole
8:57 Loom
11:44 Feudal Age
12:33 Double-Bit Axe
16:10 Horse Collar
17:08 Champi Runner
20:15 Castle Age
21:02 Scale Mail Armor
21:13 Forging
21:43 Wheelbarrow
22:21 Bow Saw
26:39 Champi Warrior
27:30 Town Watch
28:48 Chain Mail Armor
29:09 Iron Casting
29:41 Squires
30:11 Heavy Plow
30:02 Stone Mining
30:03 Gold Mining
33:28 Herbalism
36:44 Imperial Age
35:59 Hand Cart
38:11 Gold Shaft Mining
38:40 Two-Man Saw
39:32 Elite Champi Warrior
39:35 Elite Temple Guard
40:55 Plate Mail Armor
41:23 Hoardings
Connection lost

Rejoining the realm…

Still unreachable

The connection could not be restored.

Session expired

The server has moved on; the page needs a fresh start.